[Event "Queens Festival Final Team 2022"]
[Site "Tornelo"]
[Date "2022.06.26"]
[Round "1.1"]
[White "Krush, Irina"]
[Black "Subramanian, Anusha"]
[Result "1-0"]
[ECO "D10"]
[WhiteElo "2430"]
[BlackElo "1671"]
[Annotator "TA"]
[PlyCount "87"]
[EventDate "2022.06.24"]
[EventType "team-tourn"]
[EventCountry "NET"]
[SourceTitle "playchess.com"]
[Source "ChessBase"]
[SourceQuality "1"]
[WhiteTeam "United States"]
[BlackTeam "England"]
[WhiteTeamCountry "USA"]
[BlackTeamCountry "ENG"]
[TimeControl "180+2"]

1. d4 d5 2. c4 c6 3. cxd5 cxd5 4. Bf4 Nf6 5. Nc3 a6 6. e3 {[%emt 0:00:01] D10: Slav Defence: 3 cxd5 (without early Nf3) and 3 Nc3.} Bf5 7. Qb3 Qd7 (7... b5 $14) 8. Nf3 ({White should try} 8. Bxb8 $18 {And now Bg3 would win.} Rxb8 9. Bxa6) 8... Nc6 $14 9. Na4 Na5 $1 10. Qd1 {[%emt 0:00:02] Black must now prevent Nb6.} Qd8 {[%emt 0:00:16] [#] Prevents Nb6.} 11. Be2 $146 ({Predecessor:} 11. Bd3 Bxd3 12. Qxd3 e6 13. O-O Bd6 14. Bxd6 Qxd6 15. Nc5 Qb6 16. Ne5 Nc6 17. f4 {1-0 (31) Skytte,T (1991)-Matoussi,A (1627) Tromsoe 2014}) 11... e6 12. O-O Bd6 13. Bxd6 Qxd6 14. Rc1 O-O 15. a3 Nd7 16. b4 Nc6 (16... Nc4 $5) 17. Nc5 Rab8 18. Qb3 Rfc8 {[%emt 0:00:31] [#]} (18... Bg4 $14) 19. Rc3 (19. Nxb7 $1 $16 Rxb7 20. Bxa6) 19... Ne7 20. Rfc1 h6 21. h3 Bg6 22. a4 b5 (22... f6 $14) 23. a5 (23. Nxd7 $16 Qxd7 24. axb5 axb5 25. Ne5 Rxc3 26. Qxc3 (26. Nxd7 Rxb3 27. Nxb8 Rxb4 $15) (26. Rxc3 Qa7 $16)) 23... Bh5 $2 (23... Be4 $14) 24. Qc2 $2 (24. Nxd7 $18 Bxf3 25. Nxb8 (25. gxf3 Qxd7 26. Rc5 Nf5 $11) 25... Rxc3 26. Qxc3 (26. Rxc3 Bxe2 27. Qc2 Bc4 $15) 26... Bxe2 {[#]} 27. Nxa6 $1 ) 24... Bg6 25. Bd3 Bxd3 26. Qxd3 Nf5 27. Qc2 {[%emt 0:00:09][%cal Oc5b7] Hoping for Nb7!} Ne7 28. Nxd7 {[%emt 0:00:03][%cal Rc3c8] White is much more active.} Qxd7 29. Rc7 (29. Ne5 $16 Qe8 30. Nc6 Nxc6 31. Rxc6 Rxc6 32. Qxc6) 29... Rxc7 (29... Qe8 $14 30. Rc5 f6) 30. Qxc7 $16 Qe8 (30... Rb7 $16 {is a better defense.} 31. Qc5 Qd8) 31. Qa7 $18 {[%emt 0:00:06] Strongly threatening Rc7.} Ra8 32. Qb7 Nf5 33. Ne5 $2 ({White has to play} 33. Rc6 $18) 33... Qb8 $2 (33... Nd6 $14 34. Qc6 Nc4) 34. Qxf7+ Kh8 35. Qxe6 Qf8 36. Ng6+ {[%emt 0:00:04] White mates.} Kh7 37. Nxf8+ Rxf8 38. Rc7 Kh8 39. Qxd5 Kh7 40. Qe5 Kg8 41. g4 Ne7 42. Qxe7 Rf7 43. Qxf7+ Kh8 44. Qxg7# {[%emt 0:00:01] Weighted Error Value: White=0.53/Black=0.57} 1-0

[Event "Queens Festival Final Team 2022"]
[Site "Tornelo"]
[Date "2022.06.26"]
[Round "1.1"]
[White "Grigoryan, Meri"]
[Black "Bian, Erin"]
[Result "0-1"]
[ECO "E20"]
[WhiteElo "1993"]
[BlackElo "1811"]
[Annotator "NA RC"]
[PlyCount "144"]
[EventDate "2022.06.24"]
[EventType "team-tourn"]
[EventCountry "NET"]
[SourceTitle "playchess.com"]
[Source "ChessBase"]
[SourceQuality "1"]
[WhiteTeam "England"]
[BlackTeam "United States"]
[WhiteTeamCountry "ENG"]
[BlackTeamCountry "USA"]
[TimeControl "180+2"]

1. d4 Nf6 2. c4 e6 3. Nc3 Bb4 4. Bd2 b6 5. f3 c5 6. a3 Bxc3 7. Bxc3 cxd4 8. Qxd4 Bb7 9. e4 O-O 10. Bd3 d5 11. cxd5 exd5 12. exd5 Qxd5 13. O-O-O Qg5+ 14. Kb1 Nc6 15. Qf2 Nd5 16. Bd2 Qf6 17. h4 Nf4 18. Bc2 Rad8 19. Bc3 Rxd1+ 20. Bxd1 Qd6 21. Bc2 Rd8 22. Nh3 Nxh3 23. Rxh3 Nd4 24. Rg3 f6 25. Bxd4 Qxd4 26. Qe1 Qd6 27. Rg4 Bc6 28. h5 Re8 29. Qg3 Qxg3 30. Rxg3 h6 31. Bg6 Re1+ 32. Ka2 Bd5+ 33. b3 Re2+ 34. Kb1 Bxb3 35. f4 Bf7 36. Rc3 Bxg6+ 37. hxg6 Kf8 38. Rc7 Rxg2 39. Rxa7 Rxg6 40. Rb7 Rg3 41. a4 Ra3 42. Rxb6 Rxa4 43. Rb8+ Kf7 44. f5 Re4 45. Rb7+ Re7 46. Rb5 g6 47. fxg6+ Kxg6 48. Kc2 Rd7 49. Kc3 h5 50. Rb8 f5 51. Rg8+ Rg7 52. Rc8 Kg5 53. Kd3 Re7 54. Rg8+ Kh4 55. Rf8 Kg4 56. Rg8+ Kf4 57. Rh8 Kg5 58. Rg8+ Kh6 59. Rf8 Kg6 60. Rg8+ Rg7 61. Rb8 Kg5 62. Ke3 h4 63. Kf3 Kf6 64. Rf8+ Ke7 65. Rh8 Rg4 66. Rh6 Kf7 67. Kf2 Kg7 68. Rb6 h3 69. Kf3 h2 70. Rb1 Rg1 71. Rb7+ Kg6 72. Rb6+ Kg5 0-1

[Event "Queens Festival Final Team 2022"]
[Site "Tornelo"]
[Date "2022.06.26"]
[Round "1.1"]
[White "Yellamraju, Aparna"]
[Black "Posadas, Rayelynn"]
[Result "1-0"]
[ECO "A58"]
[WhiteElo "1720"]
[BlackElo "1648"]
[Annotator "NA RC"]
[PlyCount "81"]
[EventDate "2022.06.24"]
[EventType "team-tourn"]
[EventCountry "NET"]
[SourceTitle "playchess.com"]
[Source "ChessBase"]
[SourceQuality "1"]
[WhiteTeam "United States"]
[BlackTeam "England"]
[WhiteTeamCountry "USA"]
[BlackTeamCountry "ENG"]
[TimeControl "180+2"]

1. d4 c5 2. d5 Nf6 3. c4 b5 4. cxb5 a6 5. bxa6 g6 6. Nc3 Bg7 7. e4 O-O 8. Nf3 Qa5 9. Bd3 Bxa6 10. Bxa6 Qxa6 11. Qe2 Qxe2+ 12. Kxe2 Na6 13. a3 c4 14. Be3 Rfb8 15. Rab1 Rb7 16. Nd2 Rc8 17. Rhc1 Ng4 18. h3 Nxe3 19. Kxe3 Nc5 20. Ne2 Na4 21. Rxc4 Rxc4 22. Nxc4 Rb3+ 23. Kd2 Nc5 24. f3 d6 25. Kc2 f5 26. exf5 gxf5 27. Nc1 Rb5 28. Ne2 Kf7 29. b4 Na4 30. Rd1 h6 31. Nd4 Rb7 32. Nxf5 Rc7 33. Kb3 Nc3 34. Nxh6+ Bxh6 35. Kxc3 Bg7+ 36. Kb3 Kf6 37. Re1 Kf7 38. Re6 Bf6 39. a4 Be5 40. Nxe5+ dxe5 41. Rxe5 1-0

[Event "Queens Festival Final Team 2022"]
[Site "Tornelo"]
[Date "2022.06.26"]
[Round "1.2"]
[White "Alboredo, Julia"]
[Black "Maksimovic, Suzana"]
[Result "1-0"]
[ECO "B28"]
[WhiteElo "2252"]
[BlackElo "2145"]
[Annotator "TA"]
[PlyCount "51"]
[EventDate "2022.06.24"]
[EventType "team-tourn"]
[EventCountry "NET"]
[SourceTitle "playchess.com"]
[Source "ChessBase"]
[SourceQuality "1"]
[WhiteTeam "Brazil"]
[BlackTeam "Serbia"]
[WhiteTeamCountry "BRA"]
[BlackTeamCountry "SRB"]
[TimeControl "180+2"]

1. e4 c5 2. Nf3 a6 3. c3 d5 4. exd5 Qxd5 5. d4 Bg4 6. Be2 {[%emt 0:00:01] B28: Sicilian: 2 Nf3 a6 (O'Kelly Variation).} e6 7. O-O Nf6 8. Be3 {[%emt 0:00:02] White is slightly better.} cxd4 9. cxd4 Nc6 10. Nc3 Qd6 11. h3 Bf5 {[%emt 0:00:05] [#]} 12. Qb3 $146 (12. Ne5 $5) ({Predecessor:} 12. a3 Be7 13. Rc1 O-O 14. Bc4 Rfd8 15. Qe2 Ne4 16. Rfd1 Nxc3 17. Rxc3 Be4 18. g3 {0-1 (44) Al Mery,O-Hamela,F Beirut 2000}) 12... Rb8 {[%emt 0:00:14] [#]} (12... Qb4 $14) 13. Rfd1 ({White should try} 13. Nh4 $1 $16) 13... Nd5 (13... Qb4 $1 $11 {remains equal.}) 14. Nxd5 $16 exd5 15. g3 $36 {[%emt 0:00:13][%mdl 2048] White is really pushing.} Bxh3 (15... Qd7 $16) 16. Bf4 {[%emt 0:00:04][%mdl 64] Deflection} Qd7 (16... Qb4) 17. Bxb8 $18 {[%emt 0:00:02] [#] Strongly threatening Ne5. White is clearly winning.} Nxb8 18. Ne5 Qc7 (18... Qd6 $142 19. Rac1 Be7) 19. Rac1 Nc6 20. Qxd5 Be6 21. Qe4 Bd6 22. Nxc6 bxc6 23. d5 cxd5 24. Rxc7 dxe4 25. Rxd6 O-O 26. Rxa6 {[%emt 0:00:03] Weighted Error Value: White=0.31/Black=0.55} 1-0

[Event "Queens Festival Final Team 2022"]
[Site "Tornelo"]
[Date "2022.06.26"]
[Round "1.2"]
[White "Vujcic, Milena"]
[Black "Medeiros, Thauane Ferreira"]
[Result "1-0"]
[ECO "C67"]
[WhiteElo "1987"]
[BlackElo "1884"]
[Annotator "NA RC"]
[PlyCount "149"]
[EventDate "2022.06.24"]
[EventType "team-tourn"]
[EventCountry "NET"]
[SourceTitle "playchess.com"]
[Source "ChessBase"]
[SourceQuality "1"]
[WhiteTeam "Serbia"]
[BlackTeam "Brazil"]
[WhiteTeamCountry "SRB"]
[BlackTeamCountry "BRA"]
[TimeControl "180+2"]

1. e4 e5 2. Nf3 Nc6 3. Bb5 Nf6 4. O-O Nxe4 5. Re1 Nd6 6. Bxc6 dxc6 7. Nxe5 Be7 8. d4 O-O 9. b3 Bf5 10. Bb2 Bf6 11. c4 Re8 12. Nd2 Nc8 13. Qf3 Bg6 14. Rad1 Nb6 15. Ne4 Bxe5 16. dxe5 Qe7 17. Ng3 Rad8 18. Nf5 Qe6 19. Nd4 Qe7 20. Qc3 c5 21. Nb5 a6 22. Na3 Qe6 23. Nc2 Nd7 24. f4 Bf5 25. Ne3 Nf8 26. Nxf5 Qxf5 27. Rxd8 Rxd8 28. e6 Qg6 29. e7 Re8 30. exf8=Q+ Rxf8 31. Qe5 b6 32. f5 Qg5 33. h4 Qg4 34. Re4 Qd1+ 35. Kh2 f6 36. Qe6+ Kh8 37. Re2 h6 38. Qe3 Qd6+ 39. Kg1 Rd8 40. Qe6 Qd1+ 41. Kh2 Kh7 42. Qe4 Qd6+ 43. Kh3 Qd1 44. Qg4 Rd3+ 45. Kh2 Rd8 46. Qg6+ Kg8 47. Re8+ Rxe8 48. Qxe8+ Kh7 49. Qg6+ Kh8 50. Bxf6 gxf6 51. Qxf6+ Kh7 52. Qg6+ Kh8 53. f6 Qd6+ 54. Qg3 Qxf6 55. Kh3 Qe7 56. Qf4 Qd7+ 57. Kh2 Kh7 58. g4 c6 59. g5 hxg5 60. hxg5 b5 61. Kg3 Qd3+ 62. Kg4 Qe2+ 63. Kh4 Qe1+ 64. Kg4 Qg1+ 65. Qg3 Qd4+ 66. Kf5 Qd7+ 67. Kf4 bxc4 68. bxc4 Qd4+ 69. Kf5 Qxc4 70. g6+ Kg7 71. Qc7+ Kg8 72. Qd8+ Kg7 73. Qe7+ Kg8 74. Qh7+ Kf8 75. g7+ 1-0

[Event "Queens Festival Final Team 2022"]
[Site "Tornelo"]
[Date "2022.06.26"]
[Round "1.2"]
[White "Bucci, Andrea Vidigal"]
[Black "Vukosavljevic, Tatjana"]
[Result "1-0"]
[ECO "C42"]
[WhiteElo "1769"]
[BlackElo "1758"]
[Annotator "NA RC"]
[PlyCount "77"]
[EventDate "2022.06.24"]
[EventType "team-tourn"]
[EventCountry "NET"]
[SourceTitle "playchess.com"]
[Source "ChessBase"]
[SourceQuality "1"]
[WhiteTeam "Brazil"]
[BlackTeam "Serbia"]
[WhiteTeamCountry "BRA"]
[BlackTeamCountry "SRB"]
[TimeControl "180+2"]

1. e4 e5 2. Nf3 Nf6 3. d3 d6 4. Be2 Be7 5. c3 O-O 6. O-O c6 7. Nbd2 Nbd7 8. Re1 Qc7 9. Nf1 Re8 10. Ng3 d5 11. Bg5 h6 12. Be3 dxe4 13. dxe4 Nc5 14. Qc2 Ng4 15. Bc1 Be6 16. b4 Nd7 17. Bb2 b5 18. Rad1 Rad8 19. a4 a6 20. a5 c5 21. h3 Ngf6 22. Nf5 Bxf5 23. exf5 cxb4 24. Qb3 bxc3 25. Bxc3 Ne4 26. Bb2 Nec5 27. Qc3 Bf6 28. Rc1 e4 29. Nd4 Qd6 30. Ba3 Qd5 31. Red1 Nb7 32. Rd2 Bxd4 33. Rxd4 Qxf5 34. Bg4 Qg6 35. Rxd7 Rxd7 36. Bxd7 Nd6 37. Bxd6 Rd8 38. Qc7 Rf8 39. Bxf8 1-0

[Event "Queens Festival Final Team 2022"]
[Site "Tornelo"]
[Date "2022.06.26"]
[Round "1.2"]
[White "Vujovic, Vera"]
[Black "Gomes, Maria Eduarda Papini"]
[Result "1-0"]
[ECO "B18"]
[WhiteElo "1353"]
[BlackElo "1618"]
[Annotator "NA RC"]
[PlyCount "41"]
[EventDate "2022.06.24"]
[EventType "team-tourn"]
[EventCountry "NET"]
[SourceTitle "playchess.com"]
[Source "ChessBase"]
[SourceQuality "1"]
[WhiteTeam "Serbia"]
[BlackTeam "Brazil"]
[WhiteTeamCountry "SRB"]
[BlackTeamCountry "BRA"]
[TimeControl "180+2"]

1. e4 c6 2. d4 d5 3. Nc3 dxe4 4. Nxe4 Bf5 5. Ng3 Bg6 6. Nf3 Nf6 7. Bd3 Bxd3 8. Qxd3 e6 9. c3 Nbd7 10. O-O Be7 11. Be3 O-O 12. Rfe1 c5 13. Rad1 cxd4 14. Bxd4 Rc8 15. Ne4 Nd5 16. Qe2 Qc7 17. Neg5 N7f6 18. Bxf6 Nxf6 19. Nxe6 fxe6 20. Qxe6+ Rf7 21. Ng5 1-0

[Event "Queens Festival Final Team 2022"]
[Site "Tornelo"]
[Date "2022.06.26"]
[Round "1.3"]
[White "Perez Rodriguez, Jennifer"]
[Black "Ismayil, Malak"]
[Result "1-0"]
[ECO "C28"]
[WhiteElo "2251"]
[BlackElo "2001"]
[Annotator "TA"]
[PlyCount "159"]
[EventDate "2022.06.24"]
[EventType "team-tourn"]
[EventCountry "NET"]
[SourceTitle "playchess.com"]
[Source "ChessBase"]
[SourceQuality "1"]
[WhiteTeam "Paraguay"]
[BlackTeam "Azerbaijan"]
[WhiteTeamCountry "PAR"]
[BlackTeamCountry "AZE"]
[TimeControl "180+2"]

1. e4 e5 2. Nc3 Nc6 3. Bc4 Nf6 4. d3 d6 5. f4 Be7 6. Nf3 Bg4 7. f5 {[%emt 0:00:07] C28: Vienna Game: 2...Nf6 3 Bc4 Nc6.} (7. Bb5 $11) 7... Nd4 $15 8. Be3 {[%emt 0:00:09] [#]} (8. O-O $15) 8... Bxf3 (8... c6 $1 $17 {Threatens to win with ...d5.} 9. Bxd4 exd4) 9. gxf3 {[%emt 0:00:02] [#] Black is slightly better.} Qd7 $146 ({Predecessor:} 9... c6 10. Bxd4 exd4 11. Ne2 Qb6 12. Bb3 Nd7 13. Ng3 h5 14. Qe2 h4 15. Nf1 Bg5 {½-½ (75) Aakanksha,H (2238)-Zhuravleva,O (2278) Chess.com INT 2020}) 10. Rf1 c6 11. Bxd4 exd4 12. Ne2 d5 13. Bb3 Bb4+ 14. c3 dxc3 15. bxc3 Ba5 16. Kf2 (16. Qd2 $15) 16... O-O-O $17 17. Kg2 g6 (17... Qe7 $17 18. Qc2 Rhe8) 18. e5 $11 Nh5 19. f6 Qf5 20. d4 Nf4+ 21. Nxf4 Qxf4 22. Qc1 Qh4 23. Qe3 g5 24. Rac1 Rhg8 25. Bc2 Kb8 26. h3 (26. Kh1 $14) 26... Bb6 27. Bf5 Rde8 28. Rce1 Bc7 29. Qd3 (29. Re2 $14 {feels stronger.}) 29... c5 (29... h5 $1 $11) 30. Bxh7 $16 Rh8 31. Bf5 {[%emt 0:00:01] Active counter play!} cxd4 $2 (31... Qf4 $16) 32. cxd4 $18 Bb6 33. Rb1 $2 (33. Bg4 $18) 33... Qxd4 $11 34. Qxd4 Bxd4 35. Rfe1 Bxe5 ({Black should play} 35... Rxe5 $15 36. Rxe5 Bxe5) 36. Red1 (36. Bd7 $11 Rd8 37. Bc6 (37. Rxe5 Rxd7 38. Rxg5 Rd6 $11)) 36... Bxf6 37. Rxd5 Rd8 (37... Re2+ $15 38. Kf1 Rxa2) 38. Be4 Rxd5 39. Bxd5 {[%emt 0:00:00][%mdl 4096] Endgame KRB-KRB} b6 40. Bxf7 Rd8 41. Kg3 Be5+ 42. Kg4 Rd4+ (42... Bf4 $11) 43. Kxg5 $16 Bf4+ 44. Kg6 Rd6+ 45. Kf5 Be3 46. Re1 Bd4 47. Re8+ Kc7 48. Kg4 Rf6 49. Bb3 ({Better is} 49. Re7+ Kd6 50. Rxa7) 49... a5 50. f4 Bc3 51. Re6 ({White should try} 51. Be6) 51... Rf8 (51... Rxe6 $16 52. Bxe6 Kd6) 52. h4 $18 b5 53. Bd5 (53. h5 $18) 53... a4 $2 (53... Rf6 $16 54. Rxf6 Bxf6) 54. Rc6+ Kd7 55. Rxc3 {[%emt 0:00:01] KRB-KR} b4 56. Rc4 Kd6 57. Be4 {[%emt 0:00:02] [#] Hoping for Rc6+.} b3 58. axb3 {[%emt 0:00:02] White mates.} axb3 59. Rb4 Kc5 60. Rxb3 Kd4 61. Bg6 Rg8 62. f5 Ke5 63. Rb5+ Kf6 64. Rb6+ Ke5 65. Kg5 Rc8 66. Rb5+ Ke4 67. f6+ Kf3 68. f7 Kg3 69. Rf5 Rf8 70. h5 Kg2 71. h6 Kg3 72. h7 Kg2 73. Re5 Kg3 74. Re8 Rxf7 75. Bxf7 Kg2 76. h8=Q Kg3 77. Qc3+ Kf2 78. Rb8 Ke2 79. Rb2+ Kd1 80. Qd2# {[%emt 0:00:01] Weighted Error Value: White=0.31/Black=0.38} 1-0

[Event "Queens Festival Final Team 2022"]
[Site "Tornelo"]
[Date "2022.06.26"]
[Round "1.3"]
[White "Mammadova, Aysel"]
[Black "Mayeregger Gonzalez, Fiorella"]
[Result "1-0"]
[ECO "B22"]
[WhiteElo "1893"]
[BlackElo "1284"]
[Annotator "NA RC"]
[PlyCount "73"]
[EventDate "2022.06.24"]
[EventType "team-tourn"]
[EventCountry "NET"]
[SourceTitle "playchess.com"]
[Source "ChessBase"]
[SourceQuality "1"]
[WhiteTeam "Azerbaijan"]
[BlackTeam "Paraguay"]
[WhiteTeamCountry "AZE"]
[BlackTeamCountry "PAR"]
[TimeControl "180+2"]

1. e4 c5 2. c3 e6 3. d4 cxd4 4. cxd4 Qc7 5. Nf3 Bb4+ 6. Bd2 Bxd2+ 7. Nbxd2 d6 8. Bd3 Nc6 9. O-O Bd7 10. Rc1 Qd8 11. d5 Nb4 12. Bb1 Rc8 13. Rxc8 Qxc8 14. dxe6 Bxe6 15. Nd4 Nxa2 16. Bxa2 Bxa2 17. Qa4+ Qd7 18. Qxa2 a6 19. Re1 Ne7 20. N2f3 O-O 21. Qb3 Rc8 22. h3 Qc7 23. Ng5 Ng6 24. Nf5 Ne5 25. Rd1 Rd8 26. f4 Ng6 27. Qe3 h6 28. Nf3 Ne7 29. Nxe7+ Qxe7 30. e5 dxe5 31. Rxd8+ Qxd8 32. Nxe5 Qd1+ 33. Kh2 Qd6 34. Qb3 Qe7 35. Qd5 Kf8 36. b4 Qe8 37. Qxb7 1-0

[Event "Queens Festival Final Team 2022"]
[Site "Tornelo"]
[Date "2022.06.26"]
[Round "1.3"]
[White "Perez, Dalila"]
[Black "Khalilova, Khadija"]
[Result "0-1"]
[ECO "D30"]
[WhiteElo "1799"]
[BlackElo "1777"]
[Annotator "NA RC"]
[PlyCount "98"]
[EventDate "2022.06.24"]
[EventType "team-tourn"]
[EventCountry "NET"]
[SourceTitle "playchess.com"]
[Source "ChessBase"]
[SourceQuality "1"]
[WhiteTeam "Paraguay"]
[BlackTeam "Azerbaijan"]
[WhiteTeamCountry "PAR"]
[BlackTeamCountry "AZE"]
[TimeControl "180+2"]

1. d4 d5 2. Nf3 e6 3. e3 Nf6 4. c4 c6 5. g3 g6 6. Bg2 Bg7 7. Nbd2 O-O 8. O-O Re8 9. Qc2 Nbd7 10. Rd1 Rb8 11. e4 dxe4 12. Nxe4 Nxe4 13. Qxe4 Nf6 14. Qc2 Bd7 15. Bf4 Rc8 16. Rac1 Nh5 17. Be3 b5 18. Qe2 a6 19. a4 Qa5 20. c5 bxa4 21. Ra1 Qb5 22. Qc2 Rb8 23. Rdb1 e5 24. dxe5 Bf5 25. Qd2 Bxb1 26. Rxb1 Red8 27. Qc3 Bf8 28. Bd4 Ng7 29. Ng5 Nf5 30. e6 Nxd4 31. exf7+ Kg7 32. Ne6+ Kxf7 33. Nxd4 Qxc5 34. Qf3+ Kg8 35. Nxc6 Qc2 36. Rf1 Rb3 37. Qf4 Rd6 38. Qxa4 Rxb2 39. Qxa6 Rf6 40. Qa7 Rxc6 41. Bxc6 Qxc6 42. Qd4 Rc2 43. h4 Bc5 44. Qd3 Bb6 45. Qb3+ Kg7 46. Qb4 Rc3 47. Qb2 Kg8 48. Rb1 Rxg3+ 49. Kf1 Qc4+ 0-1

[Event "Queens Festival Final Team 2022"]
[Site "Tornelo"]
[Date "2022.06.26"]
[Round "1.3"]
[White "Bakhshizada, Asnad"]
[Black "Mayeregger Gonzalez, Renata"]
[Result "1-0"]
[ECO "A60"]
[WhiteElo "1052"]
[BlackElo "1461"]
[Annotator "NA RC"]
[PlyCount "101"]
[EventDate "2022.06.24"]
[EventType "team-tourn"]
[EventCountry "NET"]
[SourceTitle "playchess.com"]
[Source "ChessBase"]
[SourceQuality "1"]
[WhiteTeam "Azerbaijan"]
[BlackTeam "Paraguay"]
[WhiteTeamCountry "AZE"]
[BlackTeamCountry "PAR"]
[TimeControl "180+2"]

1. d4 c5 2. d5 d6 3. c4 e6 4. Nc3 Nf6 5. e4 e5 6. Nf3 Bg4 7. Bg5 h6 8. Bh4 Be7 9. h3 Bh5 10. Be2 Nbd7 11. O-O O-O 12. a3 Bg6 13. Bd3 Bh5 14. b4 b6 15. b5 Nh7 16. Bxe7 Qxe7 17. Be2 Ng5 18. Nxg5 Bxe2 19. Qxe2 Qxg5 20. Rad1 f5 21. exf5 Rxf5 22. Ne4 Qe7 23. Qg4 Raf8 24. Qg6 Qh4 25. Qe6+ Kh8 26. Ng3 R5f7 27. Rc1 Qf6 28. Qxf6 Rxf6 29. Ne4 Rg6 30. Rc3 Rf4 31. f3 Kg8 32. Ra1 Kf7 33. a4 Ke7 34. a5 Nf6 35. axb6 axb6 36. Ra7+ Nd7 37. Rb7 Rf8 38. Ra3 Rd8 39. Raa7 Ke8 40. Rc7 h5 41. Rc6 Rh6 42. Rxd6 Rxd6 43. Nxd6+ Ke7 44. Nf5+ Kf6 45. Ng3 g6 46. Kf2 Nb8 47. Rb7 Nd7 48. Ke3 Nf8 49. Rxb6+ Kg5 50. Ne4+ Kf5 51. Rf6# 1-0

[Event "Queens Festival Final Team 2022"]
[Site "Tornelo"]
[Date "2022.06.26"]
[Round "1.4"]
[White "Song, Yuxin"]
[Black "Shriyan santosh Priyasha"]
[Result "1-0"]
[ECO "B06"]
[WhiteElo "2317"]
[BlackElo "1597"]
[Annotator "TA"]
[PlyCount "55"]
[EventDate "2022.06.24"]
[EventType "team-tourn"]
[EventCountry "NET"]
[SourceTitle "playchess.com"]
[Source "ChessBase"]
[SourceQuality "1"]
[WhiteTeam "China"]
[BlackTeam "MAW"]
[WhiteTeamCountry "CHN"]
[TimeControl "180+2"]

1. e4 g6 2. d4 Bg7 3. Nc3 d6 4. Nf3 Nd7 5. Bc4 e6 6. O-O {[%emt 0:00:02] B06: Modern Defence.} Ngf6 (6... a6 $14) 7. Bg5 (7. e5 $16) 7... h6 $14 {[%emt 0:00:03] [#]} 8. Bf4 $146 {[%emt 0:00:02] White is slightly better.} ({Predecessor:} 8. Be3 Ng4 9. Qd2 Nxe3 10. fxe3 O-O 11. Rad1 Qe7 12. Qf2 Nb6 13. Bb3 {½-½ (13) Schmidt,N (1430)-Jensen,M (1447) Neumuenster 2011}) 8... O-O 9. Qd2 ({But not} 9. e5 Nh5 10. Be3 dxe5 $11) ({White should play} 9. h3 $14) 9... Kh7 (9... g5 $11 10. Be3 Ng4) 10. h3 a6 11. a4 Nb6 (11... b6 $14) 12. Bd3 {[%emt 0:00:03] 0x0.0022fc2b824adp-1022s more active pieces. The black rooks are badly placed.} Nbd7 13. Rad1 Qe7 14. e5 dxe5 15. dxe5 Nd5 16. Nxd5 exd5 17. Rfe1 ({White should try} 17. c3 $16) 17... Nb6 (17... Nc5 $11 {remains equal.}) 18. a5 $36 {[%emt 0:00:04][%mdl 2048] Keeping Black busy.} Nd7 19. b4 {[%emt 0:00:18] Inhibits Nc5.} Re8 {[%emt 0:00:09] [#]} (19... Nb8 $16 {is a better defense.} 20. c3 Qe8) 20. e6 $1 $18 fxe6 21. Bxc7 {[%emt 0:00:01] Threatens to win with c4.} Nf6 {[%emt 0:00:09] Black cannot hold the game after this.} (21... e5 $16) 22. Be5 Qf7 23. Nh4 Ne4 24. Rxe4 ({Don't take} 24. Bxe4 dxe4 25. Rxe4 Bxe5 $18) 24... dxe4 25. Bxe4 Kg8 $2 {[%emt 0:00:16] [#]} (25... Bxe5 26. Nxg6 Qxg6 27. Bxg6+ Kxg6) 26. Bxg6 {[%emt 0:00:03] White is clearly winning.} Qe7 27. Bxg7 Qxg7 28. Bxe8 {[%emt 0:00:02] Weighted Error Value: White=0.16 (very precise) /Black=0.38} 1-0

[Event "Queens Festival Final Team 2022"]
[Site "Tornelo"]
[Date "2022.06.26"]
[Round "1.4"]
[White "Cui, Wen"]
[Black "Nkhoma, Desiderata"]
[Result "1-0"]
[ECO "B76"]
[WhiteElo "1718"]
[BlackElo "1465"]
[Annotator "NA RC"]
[PlyCount "47"]
[EventDate "2022.06.24"]
[EventType "team-tourn"]
[EventCountry "NET"]
[SourceTitle "playchess.com"]
[Source "ChessBase"]
[SourceQuality "1"]
[WhiteTeam "China"]
[BlackTeam "MAW"]
[WhiteTeamCountry "CHN"]
[TimeControl "180+2"]

1. e4 c5 2. Nf3 d6 3. d4 cxd4 4. Nxd4 Nf6 5. Nc3 Nc6 6. Be3 g6 7. f3 Bg7 8. Qd2 O-O 9. O-O-O Bd7 10. g4 Nxd4 11. Bxd4 Rc8 12. h4 e5 13. Be3 b5 14. Qxd6 a5 15. g5 b4 16. gxf6 bxc3 17. fxg7 cxb2+ 18. Kb1 Re8 19. Qxd7 Qf6 20. Be2 Red8 21. Qa4 Rxd1+ 22. Rxd1 Qxh4 23. Qxa5 Kxg7 24. Qxe5+ 1-0

[Event "Queens Festival Final Team 2022"]
[Site "Tornelo"]
[Date "2022.06.26"]
[Round "1.4"]
[White "Banda Tapiwa"]
[Black "Jiang, Tianyu"]
[Result "0-1"]
[ECO "B40"]
[WhiteElo "1213"]
[BlackElo "1502"]
[Annotator "NA RC"]
[PlyCount "92"]
[EventDate "2022.06.24"]
[EventType "team-tourn"]
[EventCountry "NET"]
[SourceTitle "playchess.com"]
[Source "ChessBase"]
[SourceQuality "1"]
[WhiteTeam "MAW"]
[BlackTeam "China"]
[BlackTeamCountry "CHN"]
[TimeControl "180+2"]

1. e4 c5 2. Nf3 e6 3. Bc4 a6 4. a3 b5 5. Ba2 Bb7 6. d3 Nc6 7. O-O d6 8. c4 Nf6 9. Bg5 Be7 10. Nbd2 h6 11. Be3 O-O 12. Qc1 Ng4 13. h3 Nxe3 14. fxe3 Bf6 15. Rb1 b4 16. a4 Qd7 17. b3 Rfd8 18. Rf2 Ne5 19. Nxe5 dxe5 20. Qc2 Qxd3 21. Qxd3 Rxd3 22. Re2 Rad8 23. Rd1 Bg5 24. Bb1 Bxe3+ 25. Kf1 Rxd2 26. Rexd2 Rxd2 27. Rxd2 Bxd2 28. Ke2 Bc3 29. Kf3 Kf8 30. g4 Ke7 31. Bc2 g6 32. h4 f5 33. gxf5 exf5 34. Ke3 f4+ 35. Kf3 g5 36. hxg5 hxg5 37. Kg4 Kf6 38. Kh5 Bc8 39. Bd1 Bd2 40. Bf3 Be6 41. Bg4 Bxg4+ 42. Kxg4 Kg6 43. Kh3 Kh5 44. Kg2 g4 45. Kf2 g3+ 46. Kg2 Kg4 0-1